 Dungeon Crawl Stone Soup version 0.29-a0-559-g359e09b9d1 (webtiles) character file.

Game seed: 7714693293495601794

39286 dolemite99 the Bludgeoner (level 14, -1/1 (129) HPs)
             Began as a Meteoran Fighter on June 10, 2022.
             Was an Elder of Wu Jian.
             Slain by a killer bee (2 damage)
             ... on level 9 of the Dungeon.
             The game lasted 00:33:16 (11284 turns).

dolemite99 the Bludgeoner (Meteoran Fighter)       Turns: 11284, Time: 00:33:17

HP:   -1/1 (129)    AC: 28    Str: 21      XL:     14   Next: 77%
MP:   15/15         EV:  8    Int: 11 (12) God:    Wu Jian [****..]
Gold: 585           SH:  7    Dex: 15      Spells: 13/13 levels left

rFire   . . .      SeeInvis .   a - +6 flail (protect)
rCold   . . .      Faith    .   K - +0 buckler
rNeg    + . .      Spirit   .   d - +2 chain mail {Will+}
rPois   +          Reflect  .   u - +1 hat
rElec   .          Harm     .   O - +2 ratskin cloak {*Rats rPois rN+ Str-1 Int-1 Dex+1}
rCorr   .          Rampage  .   (no gloves)
Will    +++..                   k - +0 pair of boots
Stlth   ..........              (no amulet)
HPRegen 0.01/turn               q - ring of willpower
MPRegen 0.14/turn               c - ring of poison resistance {=R}

@: under a protective aura, glowing, extremely drained
A: sense surroundings 2, otherworldly, glowing, explore regen, clever 1,
deterioration 1, MP-powered wands
a: Renounce Religion, Wall Jump, Serpent's Lash


You were on level 9 of the Dungeon.
You worshipped Wu Jian.
Wu Jian was greatly pleased with you.
You visited 2 branches of the dungeon, and saw 17 of its levels.

You collected 879 gold pieces.
You spent 294 gold pieces at shops.

Inventory:

Hand Weapons
 a - a +6 flail of protection (weapon)
 b - a +1 flail of holy wrath
 l - the +9 trident "Juoryfai" {antimagic, Str+4}
   (You found it on level 1 of the Lair of Beasts)

   It reduces the magical energy of the wielder, and disrupts the spells and
   magical abilities of those it strikes.
   Natural abilities and divine invocations are not affected.
   Str:       It affects your strength (+4).
 o - a +1 vorpal flail
 C - a +3 flail of flaming
Missiles
 m - 11 atropa-tipped darts (quivered)
 F - 8 poisoned darts
 H - 4 curare-tipped darts
 Q - 6 javelins
 R - 5 boomerangs
Armour
 d - a +2 chain mail of willpower (worn)
 e - a +1 cloak
 k - a +0 pair of boots (worn)
 n - a +0 kite shield
 u - a +1 hat (worn)
 D - a +2 chain mail of cold resistance
 K - a +0 buckler (worn)
 O - the +2 ratskin cloak (worn) {*Rats rPois rN+ Str-1 Int-1 Dex+1}
   (You found it on level 2 of the Lair of Beasts)

   When the wearer is hurt, rats may emerge from it to assist them.
   Str:       It affects your strength (-1).
   Int:       It affects your intelligence (-1).
   Dex:       It affects your dexterity (+1).
   rPois:     It protects you from poison.
   rN:        It protects you from negative energy.
 S - a +2 chain mail of willpower
Jewellery
 c - a ring of poison resistance (right hand) {=R}
 f - a ring of flight
 h - a ring of fire
 q - a ring of willpower (left hand)
 v - an amulet of faith
Wands
 j - a wand of acid (8)
 r - a wand of digging (9)
 z - a wand of polymorph (8)
 A - a wand of charming (6)
 I - a wand of flame (16)
Scrolls
 g - a scroll of magic mapping
 s - a scroll of amnesia
 y - 4 scrolls of fog
 J - a scroll of silence
 N - 2 scrolls of identify {@r1}
 P - a scroll of noise
 U - a scroll of immolation
Potions
 i - 3 potions of degeneration
 t - 2 potions of brilliance
 w - 2 potions of lignification
 B - 2 potions of invisibility
 E - a potion of flight
 L - 3 potions of attraction
 M - a potion of magic
 T - a potion of curing
Miscellaneous
 p - a phantom mirror (inert)
 x - a box of beasts
 G - a piece from Xom's chessboard (15/15)


   Skills:
 + Level 13.3 Fighting
 - Level 15.1 Maces & Flails
 + Level 14.5 Armour
 + Level 11.0 Shields
 - Level 11.5 Evocations


You had 13 spell levels left.
You didn't know any spells.
Your spell library contained the following spells:

 Spells                   Type           Power      Damage    Failure   Level
 Apportation              Tloc           0%         N/A       91%         1
 Necrotize                Necr           0%         1d4       91%         1
 Sting                    Tmut/Pois      0%         1d3       91%         1
 Summon Small Mammal      Summ           0%         N/A       91%         1
 Poisonous Vapours        Pois/Air       0%         N/A       97%         2
 Call Canine Familiar     Summ           0%         N/A       100%        3
 Portal Projectile        Hex/Tloc       0%         N/A       100%        3
 Stone Arrow              Conj/Erth      0%         3d7       100%        3
 Summon Guardian Golem    Hex/Summ       0%         N/A       100%        3
 Animate Armour           Summ/Erth      0%         N/A       100%        4
 Leda's Liquefaction      Hex/Erth       0%         N/A       100%        4
 Olgreb's Toxic Radiance  Pois           0%         N/A       100%        4
 Summon Ice Beast         Ice/Summ       0%         N/A       100%        4
 Summon Mana Viper        Hex/Summ       0%         N/A       100%        5
 Monstrous Menagerie      Summ           0%         N/A       100%        7
 Lehudib's Crystal Spear  Conj/Erth      0%         10d2      100%        8


Dungeon Overview and Level Annotations

Branches:
Dungeon (11/15)            Temple (0/1) D:6            Lair (6/6) D:11
  Swamp (0/4) Lair:4        Snake (0/4) Lair:2        Slime (0/5) Lair:5
    Orc (0/2) D:9

Altars:
Cheibriados
Fedhas
Nemelex Xobeh
Uskayaw
Wu Jian
Yredelemnul

Shops:
D:6 :   D:10 ?(


Innate Abilities, Weirdness & Mutations

You passively map the area around you.
You are easily found by Zot.
You glow in the dark.
You regain HP and MP as you explore.
Your mind is acute. (Int +2)
Your body sometimes deteriorates upon taking damage.
You expend magic power (3 MP) to strengthen your wands.


Message History

You hear an angry buzzing noise.
You start waiting.
A centaur is nearby!
The centaur unwields a +0 shortbow.
The centaur hits you but does no damage.
The centaur kicks you but does no damage.
You sock the centaur!
Your weapon exudes an aura of protection.
The centaur is moderately wounded.
The centaur closely misses you. x2
The killer bee buzzes angrily.
You hit the centaur.
The centaur is severely wounded.
The centaur hits you but does no damage.
The centaur barely misses you.
You hit the centaur.
The centaur is almost dead.
The centaur hits you but does no damage.
The centaur kicks you but does no damage.
You hit the centaur.
The centaur is almost dead.
You block the centaur's attack.
The centaur kicks you but does no damage.
The centaur closely misses you. x2
You thump the centaur!
You kill the centaur!
The Council accepts your kill.
You hit the killer bee.
The killer bee is lightly wounded.
The killer bee stings you but does no damage.
You sock the killer bee!
The killer bee is severely wounded.
The killer bee stings you but does no damage.
You block the killer bee's attack.
You miss the killer bee.
The killer bee is severely wounded.
The killer bee stings you but does no damage.
The killer bee stings you.
Ouch! That really hurt!
You die...

,,,,*,*
###?#***,,*,,,,,,* *,,,,
,,,,,,* #.##..,,,,,,,***
*,,,, *,,,***
#.##.#*,****** *,,,,
*,,,* #.##.#*,* *,,,,
*,,,****** #.....,,*
*,,,, *,,,,,,,,*
####.#*******#* *****
*,,,,***,* #.# *,,...*
**** ,,,,,,,,,###
##y####.....* *,,,
,,,,,,,,,..#
#.y@........* *,,,
...,,,,,,#.#
#..####.....* *,,,
#..,,***,#.# #..#
*,,...* *,,,
#....,,,,#.#
#..#*******#* *,>,
#...#*####.###.##*,,,**
***,
#...###........##.***,**
*, ..^...#)##.......#*
**,*********,
##......##..#...##
**,,,,,,,,,,
##.##.#.##......#
*,,********


You could see 2 killer bees.

Vanquished Creatures
  A boulder beetle (D:8)
  6 hydras
  A catoblepas (Lair:3)
  2 two-headed ogres
  8 death yaks
  A lindwurm (Lair:5)
  A bog body (Lair:4)
  A deep elf zephyrmancer (D:11)
  An ugly thing (D:11)
  2 manticores
  A cyclops (D:11)
  4 black mambas
  7 cane toads
  A gargoyle (D:11)
  Maggie (D:6)
  3 rime drakes
  4 komodo dragons
  3 trolls (D:11)
  6 polar bears
  Grinder (D:6)
  2 hornets
  7 blink frogs
  A vampire (D:11)
  A wraith (D:7)
  20 yaks
  Grum (D:9)
  2 basilisks
  4 vampire mosquitoes
  3 acid dragons (D:11)
  2 nagas (Lair:2)
  9 water moccasins
  2 sky beasts (D:8)
  An ice beast (D:8)
  9 black bears
  An orc warrior (D:7)
  24 wolves
  An ogre (D:6)
  7 centaurs
  A kobold brigand (D:8)
  Blork the orc (D:6)
  5 bullfrogs
  2 gnoll sergeants
  2 necrophages
  A scorpion (D:5)
  6 wights
  A killer bee (D:8)
  5 howler monkeys
  2 hounds
  6 jellies
  4 orc priests
  Terence (D:3)
  An iguana (D:4)
  15 orc wizards
  12 adders
  9 gnolls
  3 shadow imps (D:8)
  A white imp (D:6)
  3 dart slugs
  26 orcs
  5 bats
  9 endoplasms
  A giant cockroach (D:1)
  7 goblins
  7 hobgoblins
  5 jackals
  4 quokkas
  4 ball pythons
  3 frilled lizards
  8 kobolds
  3 rats
  A butterfly (Lair:5)
316 creatures vanquished.

Vanquished Creatures (collateral kills)
  2 hydras
  A bog body (Lair:4)
  An unseen horror (D:8)
  6 blink frogs
  4 yaks
  A shadow (D:11)
  Menkaure (D:6)
  Edmund (D:6)
  A water moccasin (Lair:1)
  4 wolves (Lair:5)
  A scorpion (D:6)
  2 hounds (D:6)
  An orc wizard (D:6)
  5 gnolls (D:6)
  An orc (D:6)
32 creatures vanquished.

Vanquished Creatures (others)
  A cane toad (Lair:6)
  3 blink frogs (Lair:6)
  A yak (Lair:5)
  2 basilisks (Lair:6)
  3 wolves
  An endoplasm (Lair:5)
  17 fungi
  31 plants
59 creatures vanquished.

Grand Total: 407 creatures vanquished

Notes
Turn   | Place    | Note
-------+----------+-------------------------------------------
     0 | D:1      | dolemite99 the Meteoran Fighter began the quest for the
                  | Orb.
     0 | D:1      | Reached XP level 1. HP: 19/19 MP: 2/2
    65 | D:1      | Reached skill level 3 in Maces & Flails
    74 | D:1      | Found a faded altar of an unknown god.
    80 | D:1      | Prayed at the altar of an unknown god.
    80 | D:1      | Became a worshipper of the Wu Jian Council
    80 | D:1      | Reached * piety under Wu Jian
   115 | D:1      | Reached XP level 2. HP: 26/26 MP: 3/3
   220 | D:1      | Reached skill level 4 in Maces & Flails
   277 | D:1      | Reached XP level 3. HP: 26/31 MP: 4/4
   408 | D:1      | Reached ** piety under Wu Jian
   480 | D:1      | Glimpsed the power of Zot.
   515 | D:2      | Reached skill level 5 in Maces & Flails
   568 | D:2      | Reached XP level 4. HP: 38/38 MP: 5/5
  1075 | D:2      | Glimpsed the power of Zot.
  1149 | D:3      | Noticed Terence
  1165 | D:3      | Killed Terence
  1166 | D:3      | Reached skill level 6 in Maces & Flails
  1166 | D:3      | Reached XP level 5. HP: 44/45 MP: 6/6
  1395 | D:3      | Reached skill level 7 in Maces & Flails
  1670 | D:3      | Glimpsed the power of Zot.
  1698 | D:4      | Reached XP level 6. HP: 34/51 MP: 7/7
  1701 | D:4      | Noticed a black bear
  1717 | D:4      | Killed a black bear
  1718 | D:4      | Reached skill level 8 in Maces & Flails
  1925 | D:4      | Reached XP level 7. HP: 45/57 MP: 8/8
  1947 | D:4      | Reached skill level 9 in Maces & Flails
  2046 | D:4      | Reached *** piety under Wu Jian
  2244 | D:5      | Entered Level 5 of the Dungeon
  2280 | D:5      | Reached skill level 10 in Maces & Flails
  2455 | D:5      | Reached XP level 8. HP: 63/63 MP: 9/9
  2505 | D:5      | Reached skill level 11 in Maces & Flails
  2835 | D:6      | Found an ornate altar of the Wu Jian Council.
  2841 | D:6      | Noticed Maggie
  2854 | D:6      | Killed Maggie
  2855 | D:6      | Reached skill level 12 in Maces & Flails
  2866 | D:6      | Reached **** piety under Wu Jian
  2945 | D:6      | Gained mutation: You passively map the area around you.
                  | [Meteoran growth]
  2945 | D:6      | Reached XP level 9. HP: 68/70 MP: 10/10
  2964 | D:6      | Reached skill level 13 in Maces & Flails
  3026 | D:6      | Noticed Menkaure
  3030 | D:6      | Killed Menkaure
  3041 | D:6      | Killed Edmund
  3057 | D:6      | Reached skill level 14 in Maces & Flails
  3092 | D:6      | Found a staircase to the Ecumenical Temple.
  3105 | D:6      | Noticed Grinder
  3113 | D:6      | Killed Grinder
  3206 | D:6      | Found Loffaekk's Book Shoppe.
  3215 | D:6      | Noticed Blork the orc
  3225 | D:6      | Killed Blork the orc
  3226 | D:6      | Reached skill level 15 in Maces & Flails
  3541 | D:7      | Reached skill level 5 in Fighting
  3541 | D:7      | Reached XP level 10. HP: 81/81 MP: 11/11
  4104 | D:7      | Glimpsed the power of Zot.
  4280 | D:8      | Reached skill level 5 in Armour
  4386 | D:8      | Noticed a boulder beetle
  4397 | D:8      | Noticed a centaur warrior
  4400 | D:8      | Noticed a manticore
  4400 | D:8      | Killed an unseen horror
  4641 | D:8      | Found a blossoming altar of Fedhas.
  4641 | D:8      | Found a hide-covered altar of Uskayaw.
  4642 | D:8      | Found a basalt altar of Yredelemnul.
  4718 | D:8      | Glimpsed the power of Zot.
  4801 | D:8      | Killed a boulder beetle
  4802 | D:8      | Reached skill level 10 in Armour
  4802 | D:8      | Reached XP level 11. HP: 65/91 MP: 12/12
  5065 | D:8      | Killed a manticore
  5247 | D:8      | Noticed a manticore
  5310 | D:9      | Noticed Grum
  5336 | D:9      | Killed Grum
  5398 | D:9      | Glimpsed the power of Zot.
  5410 | D:9      | Found a staircase to the Orcish Mines.
  5449 | D:9      | Glimpsed the power of Zot.
  5485 | D:10     | Entered Level 10 of the Dungeon
  5494 | D:10     | Reached ***** piety under Wu Jian
  5561 | D:10     | Noticed a two-headed ogre
  5567 | D:10     | Killed a two-headed ogre
  5587 | D:10     | Reached skill level 1 in Evocations
  5645 | D:10     | Reached skill level 5 in Evocations
  5649 | D:10     | Found Vischics's Magic Scroll Shop.
  5759 | D:10     | Bought a scroll of teleportation for 42 gold pieces
  5759 | D:10     | Bought a scroll of teleportation for 42 gold pieces
  5759 | D:10     | Bought a scroll of identify for 28 gold pieces
  5759 | D:10     | Bought a scroll of identify for 28 gold pieces
  5759 | D:10     | Bought a scroll of magic mapping for 49 gold pieces
  5759 | D:10     | Bought a scroll of silence for 105 gold pieces
  5793 | D:10     | Found a sparkling altar of Nemelex Xobeh.
  5818 | D:10     | Found Zamaj's Weapon Boutique.
  6032 | D:10     | Glimpsed the power of Zot.
  6062 | D:11     | Noticed an eight-headed hydra
  6070 | D:11     | Killed an eight-headed hydra
  6088 | D:11     | Noticed a four-headed hydra
  6093 | D:11     | Noticed a manticore
  6101 | D:11     | Killed a four-headed hydra
  6102 | D:11     | Reached XP level 12. HP: 81/105 MP: 13/13
  6125 | D:11     | Noticed a deep elf zephyrmancer
  6140 | D:11     | Killed a deep elf zephyrmancer
  6650 | D:11     | Glimpsed the power of Zot.
  6653 | D:11     | Found a staircase to the Lair.
  6657 | Lair:1   | Entered Level 1 of the Lair of Beasts
  6693 | Lair:1   | Reached skill level 10 in Evocations
  7014 | Lair:1   | Identified the +9 trident "Juoryfai" {antimagic, Str+4}
  7181 | Lair:1   | Glimpsed the power of Zot.
  7298 | Lair:2   | Found a staircase to the Snake Pit.
  7433 | Lair:2   | Reached skill level 10 in Fighting
  7568 | Lair:2   | Found the +2 ratskin cloak {*Rats rPois rN+ Str-1 Int-1
                  | Dex+1}
  7583 | Lair:2   | Reached skill level 5 in Shields
  7719 | Lair:2   | Reached XP level 13. HP: 113/113 MP: 14/14
  7787 | Lair:2   | Glimpsed the power of Zot.
  7836 | Lair:2   | Glimpsed the power of Zot.
  8028 | Lair:3   | Noticed a seven-headed hydra
  8031 | Lair:3   | Killed a seven-headed hydra
  8039 | Lair:3   | Noticed a catoblepas
  8044 | Lair:3   | Killed a catoblepas
  8239 | Lair:3   | Identified the +1 ring mail "Ugewneb" {Int+3}
  8405 | Lair:3   | Glimpsed the power of Zot.
  8456 | Lair:4   | Found a staircase to the Swamp.
  8621 | Lair:4   | Noticed a six-headed hydra
  8993 | Lair:4   | Killed a six-headed hydra
  9019 | Lair:4   | Glimpsed the power of Zot.
  9069 | Lair:4   | Glimpsed the power of Zot.
  9109 | Lair:4   | Glimpsed the power of Zot.
  9118 | Lair:4   | Glimpsed the power of Zot.
  9119 | Lair:4   | Touched by the power of Zot.
  9218 | Lair:5   | Noticed a death yak
  9218 | Lair:5   | Noticed a death yak
  9218 | Lair:5   | Noticed a death yak
  9218 | Lair:5   | Noticed a death yak
  9218 | Lair:5   | Noticed a death yak
  9219 | Lair:5   | Noticed a death yak
  9233 | Lair:5   | Noticed a seven-headed hydra
  9258 | Lair:5   | Killed a death yak
  9265 | Lair:5   | Killed a seven-headed hydra
  9286 | Lair:5   | Killed a death yak
  9291 | Lair:5   | Gained mutation: Your body sometimes deteriorates upon
                  | taking damage. [potion of mutation]
  9291 | Lair:5   | Gained mutation: You expend magic power (3 MP) to
                  | strengthen your wands. [potion of mutation]
  9291 | Lair:5   | Gained mutation: Your mind is acute. (Int +2) [potion of
                  | mutation]
  9292 | Lair:5   | Killed a death yak
  9438 | Lair:5   | Killed a death yak
  9566 | Lair:5   | Found a staircase to the Slime Pits.
  9847 | Lair:5   | Glimpsed the power of Zot.
  9864 | Lair:5   | Reached XP level 14. HP: 76/126 MP: 15/15
  9899 | Lair:5   | Glimpsed the power of Zot.
  9936 | Lair:6   | Entered Level 6 of the Lair of Beasts
 10232 | Lair:6   | Reached skill level 10 in Shields
 10500 | Lair:6   | Glimpsed the power of Zot.
 10548 | Lair:3   | Glimpsed the power of Zot.
 10590 | Lair:1   | Glimpsed the power of Zot.
 10602 | Lair:1   | Glimpsed the power of Zot.
 10603 | Lair:1   | Touched by the power of Zot.
 10731 | D:11     | Glimpsed the power of Zot.
 10774 | D:11     | Glimpsed the power of Zot.
 10784 | D:11     | Glimpsed the power of Zot.
 10785 | D:11     | Touched by the power of Zot.
 10795 | D:11     | Noticed an ettin
 10894 | D:11     | Glimpsed the power of Zot.
 10948 | D:11     | Glimpsed the power of Zot.
 10990 | D:10     | Glimpsed the power of Zot.
 11000 | D:9      | Glimpsed the power of Zot.
 11001 | D:9      | Touched by the power of Zot.
 11067 | D:8      | Found a snail-covered altar of Cheibriados.
 11105 | D:7      | Glimpsed the power of Zot.
 11155 | D:7      | Glimpsed the power of Zot.
 11194 | D:8      | Glimpsed the power of Zot.
 11203 | D:8      | Glimpsed the power of Zot.
 11204 | D:8      | Touched by the power of Zot.
 11284 | D:9      | Slain by a killer bee

Illustrated notes

Levels and vault maps discovered:
D:1:      zaba_arrival_water, layout_loops_cross,
          dreamdust_ecumenical_altar_angels_and_demons
D:2:      layout_loops_ring
D:3:      layout_rooms, uniq_terence
D:4:      kennysheep_six_static_rooms, layout_basic, serial_shops,
          kennysheep_mini, minmay_bent
D:5:      layout_cave_pools, minmay_fountain_box, guppyfry_early_lair_pool
D:6:      minmay_flawed_box, layout_cave_pools, mainiacjoe_overflow_catwalk,
          minmay_temple_entry_mist, serial_shops, nicolae_shop_statue_plus,
          uniq_edmund, uniq_maggie, uniq_blork_the_orc, uniq_grinder,
          uniq_menkaure
D:7:      layout_gridville
D:8:      minmay_the_grid_octo_tiled_squarecenter [minmay_the_grid_octo_chip,
          minmay_the_grid_octo_odd_swirl, minmay_the_grid_octo_tetromino_candy,
          minmay_the_grid_octo_pinwheel,
          minmay_the_grid_square_5x5_megaprize_diamond,
          minmay_the_grid_square_5x5_hourglass, minmay_the_grid_square_5x5_bite,
          minmay_the_grid_square_5x5_spiral, minmay_the_grid_square_5x5_forky],
          layout_loops_ring, nicolae_ru_the_path_less_chosen,
          nicolae_overflow_quartered_altars
D:9:      layout_loops_cross, lightli_temple_of_fire, david_orc_2, uniq_grum
D:10:     layout_cave_pools, nemelex_diamond_rough_becter, serial_shops,
          nicolae_shop_overgrown_old_shop, nicolae_shop_hallway_stairs, shop,
          grunt_decor_arrowhead, minmay_rotating_lava
D:11:     nzn_winding_woodlands_large [nzn_winding_woodlands_5x5_default,
          nzn_winding_woodlands_5x15_eye, nzn_winding_woodlands_5x5_three,
          nzn_winding_woodlands_center_garden,
          nzn_winding_woodlands_15x15_eel_pit,
          nzn_winding_woodlands_center_triple_pond,
          nzn_winding_woodlands_5x5_perimeter,
          nzn_winding_woodlands_5x15_sidewinder,
          nzn_winding_woodlands_5x5_checkerboard], layout_loops_ring,
          lair_entry_dummy, cheibriados_altar_1
Lair:1:   beast_lair_carwin_large_3, layout_cave_pods, infiniplex_staircase_pool
Lair:2:   layout_regular_city, guppyfry_snake_entry_garden, grunt_megastairs_5
Lair:3:   layout_chaotic_city
Lair:4:   layout_small_grid, skrybe_swamp_entry_bodies
Lair:5:   layout_hall_layers, nicolae_slime_entry_slimehenge,
          grunt_megastairs_2, lemuel_fruit_fields
Lair:6:   grunt_lair_end_beastmaster, layout_misc_corridors

Skill      XL: |  1  2  3  4  5  6  7  8  9 10 11 12 13 14 |
---------------+-------------------------------------------+-----
Maces & Flails | 3 4 5 6 7 8 10 12 15 | 15.1
Fighting       | 5 6 9 10 12 13 | 13.3
Armour         | 10 11 13 14 | 14.5
Evocations     | 7 11 | 11.5
Shields        | 5 9 11 | 11.0

Action                   |  1- 3 |  4- 6 |  7- 9 | 10-12 | 13-15 || total
-------------------------+-------+-------+-------+-------+-------++-------
Melee: Flail             |    65 |    89 |   231 |   465 |   537 ||  1387
Throw: Dart              |     5 |    12 |       |       |     8 ||    25
Invok: Lunge             |     2 |     5 |    12 |    10 |     8 ||    37
       Whirlwind         |     3 |     4 |    21 |    14 |    12 ||    54
       Heavenly Storm    |       |       |       |     1 |     2 ||     3
       Serpent's Lash    |       |       |       |     1 |       ||     1
Evoke: Wand              |       |       |     3 |    53 |    56 ||   112
       Box of beasts     |       |       |     1 |     1 |     1 ||     3
       Phantom mirror    |       |       |       |       |     2 ||     2
       Piece from Xom's  |       |       |       |       |     1 ||     1
  Use: Scroll            |       |     6 |     9 |    21 |    16 ||    52
       Potion            |       |     2 |     1 |    12 |     8 ||    23
 Stab: Paralysed         |       |       |       |     9 |       ||     9
Armor: Scale mail        |    36 |    16 |       |       |       ||    52
       Chain mail        |       |    38 |   109 |   318 |   420 ||   885
Dodge: Dodged            |    21 |    29 |    47 |   118 |   192 ||   407
Block: Buckler           |    16 |    25 |    49 |   112 |   197 ||   399

Table legend: (Time is in decaauts)
 A = Elapsed time spent in this place.
 B = Non-inter-level travel time spent in this place.
 C = Inter-level travel time spent in this place.
 D = Time resting spent in this place.
 E = Time spent auto-exploring this place.
 F = Levels seen in this place.
 G = Mean time per level.
                   A        B        C        D        E       F      G
               +--------+--------+--------+--------+--------+-----+--------+
         Total |  10956 |  10470 |    486 |   2863 |   3892 |  17 |  644.5 |
       Dungeon |   7075 |   6749 |    326 |   1629 |   2850 |  11 |  643.2 |
          Lair |   3880 |   3721 |    159 |   1234 |   1041 |   6 |  646.7 |
               +--------+--------+--------+--------+--------+-----+--------+

Top non-repeatable levels by time:
     D:8: 1187 daAuts
    D:11: 837 daAuts
     D:7: 819 daAuts
  Lair:4: 813 daAuts
  Lair:5: 673 daAuts
  Lair:1: 650 daAuts
  Lair:2: 635 daAuts
     D:2: 616 daAuts
  Lair:3: 585 daAuts
     D:5: 585 daAuts
     D:6: 578 daAuts
    D:10: 570 daAuts
     D:3: 567 daAuts
     D:4: 556 daAuts
     D:1: 532 daAuts
